 Dungeon Crawl Stone Soup version 0.27.1-2-g3b301248ec (webtiles) character file.

Game seed: 3033101123492232791

17 nxtlvl the Chopper (level 2, -4/26 HPs)
             Began as a Hill Orc Monk on Sept 25, 2021.
             Slain by a water moccasin skeleton (6 damage)
             ... on level 3 of the Dungeon.
             The game lasted 00:02:07 (344 turns).

nxtlvl the Chopper (Hill Orc Monk)                   Turns: 344, Time: 00:02:08

Health: -4/26      AC:  3    Str: 13    XL:     2   Next: 62%
Magic:  2/2        EV: 12    Int: 10    God:
Gold:   7          SH:  0    Dex: 13    Spells: 1/1 levels left

rFire    . . .     SeeInvis .   a - +0 hand axe
rCold    . . .     Faith    .   (no shield)
rNeg     . . .     Spirit   .   c - +0 leather armour
rPois    .         Reflect  .   (no helmet)
rElec    .         Harm     .   (no cloak)
rCorr    .         Rampage  .   (no gloves)
Will     .....                  (no boots)
Stlth    ++........             (no amulet)
HPRegen  0.08/turn              (no ring)
MPRegen  0.08/turn              (no ring)

@: no status effects
A: no striking features
a: no special abilities


You were on level 3 of the Dungeon.
You visited 1 branch of the dungeon, and saw 4 of its levels.

You collected 7 gold pieces.

Inventory:

Hand Weapons
 a - a +0 hand axe (weapon)
Armour
 c - a +0 leather armour (worn)
Potions
 b - a potion of curing {unknown}


   Skills:
 - Level 3.6 Fighting
 * Level 5.2 Axes
 - Level 2.4 Dodging
 - Level 1.5 Stealth


You had one spell level left.
You didn't know any spells.
Your spell library was empty.

Dungeon Overview and Level Annotations

Branches:
Dungeon (4/15)
 Temple: D:4-7

Altars:
Elyvilon


Message History

The dart slug is severely wounded.
The dart slug misses you.
You hit the dart slug.
The dart slug is severely wounded.
The dart slug launches a dart at you. The slug dart hits you.
* * * LOW HITPOINT WARNING * * *
You hit the dart slug.
You kill the dart slug!
Things that are here:
a jackal corpse; a jackal corpse
b - a metallic yellow potion A rat comes into view.
You hit the rat.
You kill the rat!
You see here a rat corpse.
A water moccasin skeleton comes into view.
You completely miss the water moccasin skeleton.
The water moccasin skeleton bites you.
* * * LOW HITPOINT WARNING * * *
You closely miss the water moccasin skeleton.
The water moccasin skeleton closely misses you.
The water moccasin skeleton bites you.
* * * LOW HITPOINT WARNING * * *
You closely miss the water moccasin skeleton.
The water moccasin skeleton closely misses you.
You closely miss the water moccasin skeleton.
The water moccasin skeleton misses you.
You slash the water moccasin skeleton!
The water moccasin skeleton is moderately damaged.
The water moccasin skeleton closely misses you.
You completely miss the water moccasin skeleton.
The water moccasin skeleton is moderately damaged.
The water moccasin skeleton bites you but does no damage.
You hit the water moccasin skeleton but do no damage.
The water moccasin skeleton is moderately damaged.
The water moccasin skeleton bites you.
* * * LOW HITPOINT WARNING * * *
The water moccasin skeleton bites you.
You die...

##..... ...#.# ####
###....## # ..#
.......#.# ## #.#
#.....#.# . #.###
....... #.##...## #Z..#
#.#.....# #.@.#
#.......# #...#
###.....######...###.##
#.......................
#.........†.............
#.......................
###...######.#...#.#....
#...# #.#...#.#####
##..# #.#...#.#


You could see a water moccasin skeleton.

Vanquished Creatures
  A dart slug (D:3)
  A ball python (D:3)
  2 endoplasms
  A hobgoblin (D:2)
  2 jackals (D:3)
  2 kobolds
  A quokka (D:2)
  A bat (D:2)
  A frilled lizard (D:1)
  A goblin (D:1)
  A rat (D:3)
14 creatures vanquished.

Notes
Turn   | Place    | Note
-------+----------+-------------------------------------------
     0 | D:1      | nxtlvl the Hill Orc Monk began the quest for the Orb.
     0 | D:1      | Reached XP level 1. HP: 19/19 MP: 1/1
    87 | D:2      | Reached XP level 2. HP: 8/26 MP: 2/2
   137 | D:2      | HP: 1/26 [quokka (4)]
   201 | D:2      | Found a white marble altar of Elyvilon.
   272 | D:4      | Noticed a scorpion
   296 | D:3      | Reached skill level 5 in Axes
   344 | D:3      | Slain by a water moccasin skeleton

Illustrated notes

Levels and vault maps discovered:
D:1:      matt_arrival_grand_opening, layout_loops_cross,
          hellmonk_ecumenical_altar_pennies_from_heaven, serial_bayou_lagoon_a,
          minmay_misc_feat_enclosed, minmay_gold_behind_fungi
D:2:      layout_basic, basic_altar
D:3:      layout_loops_cross
D:4:      layout_basic, feat_on_display, uniq_menkaure

Skill      XL: |  1  2 |
---------------+-------+-----
Axes           | 5 |  5.2
Fighting       | |  3.6
Dodging        | |  2.4
Stealth        | |  1.5

Action                   || total
-------------------------++-------
Melee: Hand axe          ||    59
Armor: Leather armour    ||    12
Dodge: Dodged            ||    35
